 Dungeon Crawl Stone Soup version 0.28-a0-313-gbc0475efdd (webtiles) character file.

Game seed: 1127803133851141214

170 SeanNever the Cutter (level 5, 0/38 (45) HPs)
             Began as a Minotaur Gladiator on Aug 31, 2021.
             Was an Initiate of Ashenzari.
             Succumbed to a water moccasin's poison
             ... on level 6 of the Dungeon.
             The game lasted 00:16:33 (1556 turns).

SeanNever the Cutter (Minotaur Gladiator)           Turns: 1556, Time: 00:16:33

HP:   0/38 (45)     AC:  6    Str: 20    XL:     5   Next: 25%
MP:   4/4           EV: 12    Int:  5    God:    Ashenzari [......]
Gold: 106           SH:  0    Dex: 11    Spells: 1/4 levels left

rFire   . . .      SeeInvis .   a - +0 rapier
rCold   . . .      Faith    .   (no shield)
rNeg    . . .      Spirit   .   l - +0 ring mail
rPois   .          Reflect  .   c - +0 hat
rElec   .          Harm     .   (no cloak)
rCorr   .          Rampage  .   (no gloves)
Will    .....                   i - +0 pair of boots
Stlth   +.........              (no amulet)
HPRegen 0.12/turn               (no ring)
MPRegen 0.09/turn               (no ring)

@: mighty, lethally poisoned (0 -> -14), flying, heavily drained
A: horns 2, retaliatory headbutt
a: Renounce Religion


You were on level 6 of the Dungeon.
You worshipped Ashenzari.
Ashenzari was noncommittal.
You visited 1 branch of the dungeon, and saw 6 of its levels.

You collected 106 gold pieces.

Inventory:

Hand Weapons
 a - a +0 rapier (weapon)
Missiles
 d - 3 throwing nets (quivered)
Armour
 b - a +0 leather armour
 c - a +0 hat (worn)
 i - a +0 pair of boots (worn)
 l - a +0 ring mail (worn)
Jewellery
 h - an amulet of reflection
Scrolls
 e - a scroll of torment
 k - 2 scrolls of enchant weapon
 m - a scroll of identify
 n - a scroll of enchant armour
Potions
 f - a potion of attraction
 g - 3 potions of might
 j - a potion of haste
 o - a potion of flight


   Skills:
 + Level 3.2 Fighting
 + Level 5.0 Short Blades
 + Level 2.3 Throwing
 + Level 1.7 Armour
 + Level 4.0 Dodging
 + Level 0.6 Stealth
 + Level 1.0 Shields


You had one spell level left.
You knew the following spells:

 Your Spells              Type           Power      Damage    Failure   Level
a - Portal Projectile     Hex/Tloc       0%         N/A       95%         3

Your spell library contained the following spells:

 Spells                   Type           Power      Damage    Failure   Level
 Blade Hands              Tmut           0%         N/A       100%        5
 Excruciating Wounds      Necr           0%         N/A       100%        5
 Manifold Assault         Tloc           0%         N/A       100%        5
 Silence                  Hex/Air        0%         N/A       100%        5
 Maxwell's Capacitive Co  Air            0%         ∞         100%        8


Dungeon Overview and Level Annotations

Branches:
Dungeon (6/15)
 Temple: D:4-7

Altars:
Ashenzari
Okawaru
Xom

Shops:
D:1 :


Innate Abilities, Weirdness & Mutations

You have a pair of horns on your head.
You reflexively headbutt those who attack you in melee.


Message History

You feel sick. The water moccasin bites you. x2
You are lethally poisoned!
The water moccasin poisons you!
You feel very sick. The water moccasin misses you.
There is a stone staircase leading down here.
You feel very sick.
The water moccasin bites you but does no damage.
The water moccasin bites you.
* * * LOW HITPOINT WARNING * * *
You climb downwards.
* * * LOW HITPOINT WARNING * * *
You feel very sick.
Found 9 arrows.
There is a stone staircase leading up here.
You are confused.
You feel invigorated.
* * * LOW HITPOINT WARNING * * *
You feel very sick. The water moccasin bites you.
* * * LOW HITPOINT WARNING * * *
Unknown command.
You feel very buoyant.
You fly up into the air.
You feel sick. The water moccasin barely misses you.
You bump into the rock wall.
You feel sick. The water moccasin bites you.
* * * LOW HITPOINT WARNING * * *
You are lethally poisoned!
The water moccasin poisons you!
The water moccasin bites you but does no damage.
You feel very mighty all of a sudden.
You feel less invigorated.
You feel less confused.
* * * LOW HITPOINT WARNING * * *
You feel very sick.
The water moccasin bites you but does no damage.
* * * LOW HITPOINT WARNING * * *
You feel very sick. The water moccasin closely misses you.
The water moccasin bites you.
* * * LOW HITPOINT WARNING * * *
You die...

### ...
#..
###.#
.(.# #
#S###.#
#<.@..#
#######


You could see a water moccasin.

Vanquished Creatures
  A water moccasin skeleton (D:4)
  A hound (D:4)
  5 adders
  An ufetubus (D:4)
  8 bats
  8 endoplasms
  3 giant cockroaches
  3 goblins (D:1)
  5 hobgoblins
  3 jackals (D:2)
  A kobold (D:1)
  A ball python (D:1)
  2 frilled lizards (D:1)
  A rat (D:2)
43 creatures vanquished.

Notes
Turn   | Place    | Note
-------+----------+-------------------------------------------
     0 | D:1      | SeanNever the Minotaur Gladiator began the quest for the
                  | Orb.
     0 | D:1      | Reached XP level 1. HP: 18/18 MP: 0/0
   108 | D:1      | Found Asotuel's Book Emporium.
   134 | D:1      | Reached XP level 2. HP: 9/25 MP: 1/1
   607 | D:2      | Reached XP level 3. HP: 23/30 MP: 2/2
   800 | D:2      | Reached skill level 4 in Short Blades
   933 | D:3      | Found a faded altar of an unknown god.
   942 | D:3      | Became a worshipper of Xom of Chaos
  1007 | D:3      | Reached skill level 1 in Armour
  1007 | D:3      | Reached XP level 4. HP: 35/37 MP: 3/3
  1061 | D:3      | Got Sif Muna's Guide on the Traveller and the Birds
  1092 | D:3      | Learned a level 3 spell: Portal Projectile
  1122 | D:3      | XOM: silly message
  1263 | D:4      | XOM: potion effect (haste)
  1269 | D:4      | XOM: potion effect (curing)
  1276 | D:4      | XOM: potion effect (heal wounds)
  1280 | D:4      | XOM: potion effect (might)
  1286 | D:4      | Reached skill level 5 in Short Blades
  1286 | D:4      | Reached skill level 1 in Shields
  1286 | D:4      | Reached XP level 5. HP: 42/45 MP: 4/4
  1323 | D:4      | XOM: draining
  1330 | D:4      | Found an iron altar of Okawaru.
  1358 | D:5      | Entered Level 5 of the Dungeon
  1383 | D:5      | Found a broken altar of Ashenzari.
  1387 | D:5      | Saw a vision of the Shoals and the Snake Pit.
  1387 | D:5      | Noticed a naga warrior
  1387 | D:5      | Noticed a wind drake
  1387 | D:5      | Noticed a wind drake
  1387 | D:5      | Noticed a naga mage
  1387 | D:5      | Noticed a sea snake
  1387 | D:5      | Noticed a centaur
  1387 | D:5      | Noticed a merfolk siren
  1387 | D:5      | Noticed a merfolk
  1387 | D:5      | Noticed a centaur
  1387 | D:5      | Noticed an anaconda
  1391 | D:5      | Noticed a naga mage
  1505 | D:5      | Fell from the grace of Xom
  1505 | D:5      | Became a worshipper of Ashenzari the Shackled
  1538 | D:5      | Noticed a water moccasin
  1556 | D:6      | Succumbed to a water moccasin's poison

Illustrated notes

Levels and vault maps discovered:
D:1:      zelgadis_glass_arrival_small, layout_basic, serial_shops, shop
D:2:      layout_rooms
D:3:      layout_basic, slow_altar_2, gup_sewer_entry_spiral,
          basic_ecumenical_altar, minmay_pentangle
D:4:      layout_basic, nicolae_uskayaw_suspiria, okawaru_gym_becter
D:5:      layout_cave_pools, grunt_ashenzari_visionary
          [grunt_ashenzari_visionary_shoals, grunt_ashenzari_visionary_snake],
          nicolae_overflow_quartered_altars, nicolae_shop_clearance
D:6:      layout_loops_ring, chequers_serial_rivers_micro_b, uniq_menkaure,
          uniq_eustachio

Skill      XL: |  1  2  3  4 |
---------------+-------------+-----
Short Blades   | 4 5 |  5.0
Armour         | 1 |  1.7
Fighting       | 3 |  3.2
Dodging        | 4 |  4.0
Shields        | 1 |  1.0
Throwing       | |  2.3
Stealth        | |  0.6

Action                   |  1- 3 |  4- 6 || total
-------------------------+-------+-------++-------
Melee: Rapier            |    62 |    30 ||    92
       Headbutt          |     7 |     2 ||     9
  Use: Potion            |       |     3 ||     3
Armor: Leather armour    |    12 |       ||    12
       Ring mail         |    10 |    28 ||    38
Dodge: Dodged            |    46 |    40 ||    86
Block: Other             |     8 |    15 ||    23

Table legend: (Time is in decaauts)
 A = Elapsed time spent in this place.
 B = Non-inter-level travel time spent in this place.
 C = Inter-level travel time spent in this place.
 D = Time resting spent in this place.
 E = Time spent auto-exploring this place.
 F = Levels seen in this place.
 G = Mean time per level.
                   A        B        C        D        E       F      G
               +--------+--------+--------+--------+--------+-----+--------+
         Total |   1539 |   1249 |    290 |      0 |     52 |   6 |  256.5 |
       Dungeon |   1539 |   1249 |    290 |      0 |     52 |   6 |  256.5 |
               +--------+--------+--------+--------+--------+-----+--------+

Top non-repeatable levels by time:
     D:1: 519 daAuts
     D:3: 489 daAuts
     D:2: 242 daAuts
     D:5: 191 daAuts
     D:4: 90 daAuts
     D:6: 5 daAuts
